Map: Orbital Shipyard

Players

capac - Winner!

  • Race: Terran Terran
  • League: Gold

A.I. 1 (Elite)

  • Race: Zerg Zerg

VOD

Have the link to the VOD?

Description

Time

  • Played on: March 21, 2016, 1:29 p.m.
  • Length: 13:35
Show
View Real Time Build Order
Export as new Build Order

capac Terran - Winner!

Build Orders: MMM Bio 

Get SALT Encoding   

  12  0:01  SCV  
  13  0:13  SCV  
  14  0:18  Supply Depot  
  14  0:25  SCV  
  15  0:40  SCV  
  15  0:42  Barracks  
  16  0:46  Refinery  
  16  0:52  SCV  
  17  1:04  SCV  
  18  1:16  SCV  
  19  1:28  SCV  
  19  1:31  Reaper  
  21  1:38  Command Center  
  21  1:45  Supply Depot  
  21  1:51  Orbital Command  
  21  2:10  Barracks Reactor  
  21  2:11  Barracks  
  21  2:20  SCV  
  22  2:26  Factory  
  22  2:29  Refinery  
  22  2:33  SCV  
  23  2:47  Marine x2  
  23  2:48  SCV  
  26  2:59  Barracks Tech Lab  
  26  3:06  Marine x2, Command Center  
  26  3:11  Starport  
  28  3:15  Factory Tech Lab  
  28  3:17  SCV  
  29  3:22  Orbital Command  
  29  3:23  Marine  
  29  3:24  Marine  
  31  3:34  SCV  
  32  3:37  Marine  
  33  3:41  Marine  
  33  3:46  SCV  
  33  3:47  Marine  
  36  3:50  Starport Reactor  
  36  3:53  SCV  
  37  3:55  Marine  
  37  3:58  Refinery, SCV  
  37  3:59  Barracks  
  39  4:06  SCV, Stimpack  
  40  4:10  SCV  
  40  4:12  Marine x2  
  40  4:14  Marine  
  44  4:18  SCV  
  44  4:22  SCV  
  46  4:44  Marine x3, SCV x2, Medivac  
  53  4:46  Supply Depot  
  53  4:47  Supply Depot  
  53  4:48  Barracks Reactor  
  53  4:55  Refinery  
  53  4:56  SCV  
  54  5:07  Marine x3, Siege Tank, Medivac  
  54  5:09  Supply Depot, SCV  
  54  5:13  Supply Depot, SCV  
  64  5:25  SCV  
  64  5:26  Marine x4, SCV  
  70  5:31  Marine  
  70  5:33  Supply Depot  
  71  5:37  SCV  
  71  5:38  SCV  
  71  5:42  Medivac  
  75  5:45  Medivac  
  75  5:48  Siege Tank  
  75  5:49  Marine  
  81  5:52  SCV  
  81  5:54  Marine x2  
  81  5:55  Marine  
  85  5:58  SCV  
  85  6:01  Supply Depot  
  86  6:15  Marine x4  
  90  6:20  Marine  
  90  6:23  Siege Tank  
  90  6:25  SCV x2  
  96  6:28  Supply Depot  
  96  6:30  Supply Depot  
  95  6:45  Liberator x2  
  81  6:56  Marine  
  81  6:57  Marine x3  
  81  6:58  Marine  
  91  7:09  Supply Depot, SCV  
  91  7:10  SCV  
  91  7:13  Command Center  
  93  7:16  Marine x3  
  93  7:17  Marine x2  
  98  7:24  Supply Depot  
  98  7:39  Marine x4  
  98  7:40  Marine  
  98  7:41  Siege Tank  
  106  7:45  Medivac x2  
  106  7:47  Supply Depot  
  106  7:48  Supply Depot, SCV x2  
  112  8:01  Barracks  
  112  8:05  Barracks  
  100  8:31  Marine x4  
  100  8:32  Marine  
  100  8:33  Medivac x2  
  109  8:37  Siege Tank  
  112  8:49  Marine x3  
  112  8:50  Marauder  
  117  8:59  Supply Depot  
  117  9:00  Supply Depot  
  117  9:06  Barracks Reactor x2  
  117  9:07  Combat Shields  
  117  9:14  Orbital Command  
  117  9:22  Liberator x2  
  117  9:25  Marine x3  
  117  9:26  Marine x2  
  117  9:27  SCV x2  
  124  9:38  Siege Tank  
  127  9:43  Marine x4  
  137  9:53  Marine x3  
  137  9:54  Marine x2  
  137  9:57  SCV x2  
  144  10:03  Marine x4  
  148  10:09  SCV  
  148  10:10  Refinery  
  148  10:11  Refinery, Marine x4  
  148  10:12  Marine  
  145  10:27  Medivac x2  
  149  10:31  SCV  
  149  10:32  Marine x2  
  149  10:33  Marine x5  
  149  10:34  Marine x2  
  158  10:37  Siege Tank  
  158  10:42  Supply Depot  
  161  10:43  SCV x2  
  161  10:46  SCV  
  164  10:51  Marine x3  
  164  10:52  Marine x4  
  164  10:53  Marine x2  
  164  10:55  SCV  
  174  11:11  Marine  
  174  11:12  Marine x5  
  180  11:23  Marine x2  
  180  11:24  Marine  
  183  11:29  Marine x3  
  186  11:42  Marine x3  
  186  11:46  Factory  
  189  11:50  Supply Depot  
  189  11:51  Starport  
  189  11:52  Supply Depot  
  189  12:11  Marine x8  
  189  12:12  Command Center  
Show
View Real Time Build Order
Export as new Build Order

A.I. 1 (Elite) Zerg 

Build Orders: Pool First 

Get SALT Encoding   

  12  0:00  Drone  
  13  0:12  Overlord  
  13  0:17  Drone  
  14  0:30  Drone x2  
  16  0:43  Spawning Pool  
  16  0:45  Drone  
  16  0:49  Drone  
  17  1:09  Hatchery  
  16  1:13  Drone  
  16  1:16  Extractor  
  16  1:18  Drone  
  17  1:22  Drone  
  18  1:27  Drone  
  19  1:38  Overlord  
  19  1:48  Queen  
  19  1:49  Drone  
  22  1:59  Zergling x2  
  23  2:10  Drone  
  24  2:21  Drone  
  25  2:24  Queen  
  25  2:29  Roach Warren  
  26  2:30  Extractor  
  26  2:34  Drone  
  26  2:37  Drone  
  26  2:40  Drone  
  26  2:43  Drone  
  29  2:48  Drone  
  30  2:53  Zergling x2  
  30  2:55  Zergling x2  
  31  2:58  Zergling x2  
  32  3:06  Overlord  
  32  3:09  Drone  
  32  3:12  Drone  
  34  3:17  Roach  
  36  3:24  Roach  
  36  3:25  Zergling x2  
  38  3:29  Roach  
  38  3:33  Roach  
  42  3:42  Lair  
  42  3:47  Overlord  
  42  3:51  Overlord  
  42  3:56  Zergling x2  
  43  4:05  Zergling x4, Drone  
  43  4:06  Drone  
  43  4:08  Drone  
  48  4:11  Drone  
  48  4:13  Drone  
  50  4:17  Roach  
  50  4:21  Roach  
  54  4:25  Overlord  
  54  4:33  Drone  
  54  4:35  Drone  
  54  4:36  Drone  
  57  4:39  Drone  
  57  4:41  Infestation Pit  
  57  4:42  Drone  
  57  4:44  Overlord  
  58  4:48  Overlord  
  58  4:52  Roach  
  60  4:55  Roach  
  62  5:04  Hydralisk Den  
  61  5:07  Drone  
  61  5:09  Drone  
  61  5:11  Drone  
  61  5:13  Drone  
  65  5:14  Drone  
  65  5:16  Drone  
  65  5:18  Drone  
  65  5:19  Infestor  
  65  5:20  Drone  
  71  5:21  Drone  
  71  5:24  Drone  
  71  5:27  Overlord  
  73  5:33  Drone  
  73  5:34  Roach, Drone  
  73  5:35  Drone  
  78  5:36  Hydralisk  
  78  5:37  Hydralisk  
  82  5:44  Infestor  
  82  5:45  Roach  
  82  5:47  Overlord  
  86  5:55  Extractor, Metabolic Boost  
  86  5:56  Drone  
  86  5:58  Extractor  
  86  5:59  Drone  
  86  6:06  Evolution Chamber  
  86  6:07  Hatchery  
  84  6:18  Drone  
  84  6:19  Evolution Chamber, Drone x2  
  84  6:21  Overlord, Drone x3  
  84  6:23  Drone  
  89  6:33  Zerg Missile Weapons Level 1, Drone  
  89  6:34  Drone  
  89  6:37  Baneling Nest, Drone  
  89  6:39  Drone  
  74  6:41  Drone  
  74  6:45  Zerg Melee Weapons Level 1  
  59  6:51  Zergling x2  
  54  6:59  Hydralisk  
  56  7:03  Drone  
  56  7:07  Drone  
  58  7:10  Drone  
  58  7:13  Drone  
  60  7:16  Drone  
  60  7:19  Drone  
  60  7:22  Baneling  
  62  7:23  Zergling x2  
  62  7:25  Drone  
  62  7:29  Drone  
  65  7:33  Drone  
  65  7:36  Drone  
  67  7:39  Drone  
  67  7:41  Drone  
  70  7:44  Drone  
  70  7:47  Drone  
  70  7:49  Drone  
  72  7:52  Drone  
  72  7:54  Drone  
  72  7:57  Drone  
  75  7:58  Drone  
  75  8:02  Drone  
  75  8:03  Drone  
  75  8:05  Drone  
  79  8:07  Drone  
  79  8:08  Drone  
  79  8:12  Drone  
  82  8:14  Drone  
  82  8:15  Overseer  
  82  8:18  Queen  
  83  8:21  Overlord  
  83  8:23  Zergling x2  
  83  8:24  Drone  
  83  8:26  Drone  
  82  8:39  Overlord  
  82  8:40  Roach, Drone x3  
  87  8:42  Drone  
  87  8:44  Drone  
  89  8:51  Zergling x2, Baneling  
  90  8:55  Zerg Ground Armor Level 1  
  90  8:57  Infestor  
  90  8:58  Ravager, Drone  
  90  9:01  Overlord  
  94  9:03  Drone  
  94  9:06  Drone  
  96  9:12  Drone  
  96  9:14  Hatchery, Drone  
  96  9:16  Drone  
  98  9:19  Ravager  
  98  9:22  Overlord  
  99  9:24  Zergling x2  
  99  9:25  Roach, Drone  
  99  9:26  Zergling x2  
  99  9:27  Hydralisk  
  106  9:32  Baneling x2  
  106  9:33  Baneling  
  106  9:35  Zerg Missile Weapons Level 2  
  106  9:37  Glial Reconstitution  
  106  9:40  Pneumatized Carapace  
  106  9:41  Burrow, Zergling x2, Roach, Drone  
  106  9:44  Overlord  
  110  9:47  Drone  
  110  9:48  Drone  
  112  9:55  Drone  
  112  9:56  Hydralisk  
  112  9:57  Spine Crawler, Zergling x4  
  112  9:58  Drone  
  112  9:59  Spine Crawler  
  111  10:00  Drone  
  111  10:02  Spine Crawler  
  111  10:04  Evolution Chamber  
  111  10:06  Drone  
  107  10:08  Drone  
  107  10:11  Drone  
  101  10:16  Drone  
  101  10:19  Drone  
  88  10:22  Roach  
  88  10:26  Roach  
  88  10:27  Infestor  
  88  10:28  Baneling, Roach, Drone x2  
  90  10:29  Baneling x6  
  90  10:30  Baneling x2, Drone  
  90  10:34  Zergling x2  
  88  10:36  Zergling x2  
  88  10:38  Drone  
  88  10:40  Drone  
  89  10:44  Drone  
  89  10:47  Drone  
  89  10:48  Drone  
  90  10:51  Drone  
  90  10:54  Hydralisk  
  87  10:58  Drone  
  87  10:59  Zergling x2  
  87  11:00  Drone x2  
  87  11:01  Roach  
  87  11:02  Zergling x2  
  86  11:07  Zergling x2  
  86  11:08  Hydralisk  
  86  11:10  Drone  
  78  11:13  Drone  
  78  11:18  Drone  
  75  11:19  Drone  
  75  11:21  Drone  
  75  11:23  Drone  
  75  11:28  Roach  
  75  11:30  Drone  
  75  11:31  Zergling x2  
  75  11:32  Drone x2  
  75  11:33  Roach  
  75  11:34  Zergling x2  
  71  11:40  Hydralisk, Infestor  
  71  11:42  Zergling x2  
  71  11:45  Drone  
  75  11:51  Drone x2  
  75  11:53  Drone  
  74  11:55  Drone  
  71  12:01  Hydralisk  
  71  12:02  Zergling x2  
  71  12:03  Zergling x2, Roach, Drone x2  
  71  12:06  Drone  
  76  12:13  Drone  
  76  12:14  Drone  
  76  12:17  Drone  
  76  12:18  Drone  
  76  12:19  Drone  
  66  12:24  Zergling x2  
  66  12:25  Drone  
  66  12:28  Drone  
  63  12:34  Hydralisk  
  63  12:35  Zergling x2  
  63  12:36  Roach, Drone  
  62  12:38  Drone  
  62  12:41  Hatchery  
  55  12:48  Drone  
  54  12:51  Drone  
  54  12:53  Drone  
  36  13:10  Roach  
Tags
 
Composition
MMM Bio
League
Gold
Matchup
TvZ
Opening
Pool First
Add a new tag
Caveats
  • Supply blocks, unpowered buildings, or Contaminate may cause inaccurate times.
  • Supply counts are checked every 10 seconds.